 Dungeon Crawl Stone Soup version 0.28.0 (webtiles) character file.

Game seed: 14048342464282116737

2775 DasRunzen the Magician (level 10, -27/71 HPs)
             Began as a Djinni Fire Elementalist on Feb 10, 2022.
             Was an Initiate of Makhleb.
             Annihilated by a white ugly thing (34 damage)
             ... on level 7 of the Dungeon on Feb 11, 2022.
             The game lasted 00:21:23 (10158 turns).

DasRunzen the Magician (Djinni Fire Elementalist)  Turns: 10158, Time: 00:21:23

Health: -27/71     AC:  3    Str: 11    XL:     10   Next: 1%
Gold:   309        EV: 15    Int: 20    God:    Makhleb [......] SH:  5 Dex: 15

rFire   + + .      SeeInvis .   l - +6 mace "Muduteza" {holy, Str+4}
rCold   x . .      Faith    .   (no shield)
rNeg    . . .      Spirit   .   a - +0 robe
rPois   ∞          Reflect  +   (no helmet)
rElec   .          Harm     .   k - +0 cloak
rCorr   .          Rampage  .   (no gloves)
Will    ++...                   (boots unavailable)
Stlth   ++........              i - amulet of reflection
HPRegen 0.21/turn               b - ring of willpower
MPRegen 0.00/turn               (no ring)

@: flying
A: sickness immunity, fire resistance 2, cold vulnerability 1, float, innate
caster, HP casting, extra vitality 1
a: Renounce Religion


You were on level 7 of the Dungeon.
You worshipped Makhleb.
Makhleb was noncommittal.
You visited 2 branches of the dungeon, and saw 9 of its levels.

You collected 309 gold pieces.

Inventory:

Hand Weapons
 e - a +2 spear of flaming
 l - the +6 mace "Muduteza" (weapon) {holy, Str+4}
   (You found it on level 5 of the Dungeon)

   It has been blessed by the Shining One to cause great damage to the undead
   and demons.
   Str:       It affects your strength (+4).
Armour
 a - a +0 robe (worn)
 k - a +0 cloak (worn)
 o - an orb of light
 q - a +0 buckler
Jewellery
 b - a ring of willpower (left hand)
 i - an amulet of reflection (around neck)
 s - a +4 ring of evasion
Wands
 d - a wand of iceblast (4)
 m - a wand of charming (4)
Scrolls
 g - a scroll of blinking
Potions
 c - a potion of lignification
 f - 2 potions of brilliance
 h - 4 potions of curing
 j - 2 potions of cancellation
 n - a potion of heal wounds {unknown}
 p - a potion of attraction {unknown}
 r - a potion of mutation {unknown}


   Skills:
 + Level 5.6 Fighting
 + Level 5.5 Armour
 + Level 6.7 Dodging
 - Level 1.5 Stealth
 + Level 1.3 Shields
 * Level 6.7 Spellcasting


You couldn't memorise any spells.
You knew the following spells:

 Your Spells              Type           Power      Damage    Failure   Level
a - Foxfire               Conj/Fire      100%       2x1d9     1%          1
b - Scorch                Fire           66%        2d8       1%          2
c - Conjure Flame         Conj/Fire      33%        6-21      1%          3
d - Inner Flame           Hex/Fire       33%        N/A       1%          3
e - Flame Wave            Conj/Fire      33%        2d8       6%          4
f - Animate Skeleton      Necr           66%        N/A       1%          1
g - Call Imp              Summ           33%        N/A       1%          2
h - Swiftness             Air            33%        N/A       1%          3
i - Confusing Touch       Hex            33%        N/A       1%          3
Your spell library was empty.

Dungeon Overview and Level Annotations

Branches:
Dungeon (8/15)             Temple (1/1) D:6
   Lair: D:8-11

Altars:
Ashenzari
Dithmenos
Fedhas
Gozag
Hepliaklqana
Kikubaaqudgha
Makhleb
Nemelex Xobeh
Okawaru
Qazlal
Ru
Sif Muna
Trog
Uskayaw
Vehumet
Xom
Yredelemnul
Zin

Shops:
D:1 [   D:6 *=

Annotations:
D:8 Joseph


Innate Abilities, Weirdness & Mutations

You are immune to sickness and miasma.
You are immune to poison.
Your flesh is very heat resistant. (rF++)
You are vulnerable to cold. (rC-)
You float through the air rather than walking.
You learn spells naturally, not from books.
Your magical power is your life essence.
You have superior vitality. (+4 MHP)


Message History

The fiery explosion engulfs the wolf!!
The wolf is burned terribly!
You kill the wolf!
Makhleb accepts your kill.
The fiery explosion engulfs the wolf!!!
You kill the wolf!
Makhleb accepts your kill.
The wolf howls!
You hear a shout!
You hear a horrible gurgling sound!
Your Shields skill increases to level 1!
Casting: Scorch (safe; 1% risk of failure)
Confirm with . or Enter, or press ? or * to list all spells.
Flames lash the wolf.
The wolf is heavily wounded.
The wolf's fire resistance burns away.
* * * LOW HITPOINT WARNING * * *
Casting: Scorch (safe; 1% risk of failure)
Confirm with . or Enter, or press ? or * to list all spells.
Flames lash the wolf.
The wolf is burned terribly!
You kill the wolf!
Makhleb accepts your kill.
* * * LOW HITPOINT WARNING * * *
You have reached level 10!
The white ugly thing gurgles horribly!
Really fly into that cloud of flame?
You are engulfed in blazing flames.
You resist.
* * * LOW HITPOINT WARNING * * *
You see here a wolf corpse.
A kobold comes into view. It is wielding a +0 dagger.
There is a stone staircase leading up here.
Things that are here:
a -2 glaive; a +2 animal skin The white ugly thing barely misses you.
You fly upwards.
There is a stone staircase leading down here.
The white ugly thing barely misses you.
The white ugly thing closely misses you.
There is an open door here.
The white ugly thing claws you!
* * * LOW HITPOINT WARNING * * *
The white ugly thing freezes you!!
You feel a terrible chill!
You die...

......+.....###### #......#######
##'####.....(....# #.......#
##...............# #.......##
##...###.........# #........#
####.............# ######...#
####..........#### #...#
#.............####### #.#.##
#...................#####.#..####
†...............@u..'..........>#
#...................########..#.#
#.............####### ##.#.#
+.............# #.#.#
#.......####### #...# ....#'###
##?.# ....#.# #..# ....#.# ####..
....#.# ######## #.....


You could see a white ugly thing.

Vanquished Creatures
  2 steam dragons
  Grum (D:8)
  A water moccasin (D:6)
  An orc warrior (D:6)
  A black bear (D:7)
  3 ogres
  A sky beast (D:6)
  2 centaurs
  3 wolves (D:8)
  A phantom (D:5)
  2 necrophages
  A bullfrog (D:7)
  A water moccasin zombie (D:5)
  2 scorpions
  An electric eel (D:6)
  A centaur zombie (D:3)
  2 hounds
  A jelly (D:4)
  6 orc priests
  3 iguanas
  Natasha (thrice) (D:3)
  3 orc wizards
  A hound skeleton (D:5)
  7 gnolls
  A howler monkey skeleton (D:5)
  7 adders
  A shadow imp (D:6)
  3 white imps
  5 worms
  3 dart slugs
  21 orcs
  4 ball pythons
  5 endoplasms
  4 giant cockroaches
  6 goblins
  10 hobgoblins
  4 jackals (D:5)
  8 kobolds
  6 bats
  A frilled lizard (D:3)
  5 rats
144 creatures vanquished.

Vanquished Creatures (others)
  264 foxfires
264 creatures vanquished.

Grand Total: 408 creatures vanquished

Notes
Turn   | Place    | Note
-------+----------+-------------------------------------------
     0 | D:1      | DasRunzen the Djinni Fire Elementalist began the quest for
                  | the Orb.
     0 | D:1      | Reached XP level 1. HP: 15/15 MP: 0/0
   311 | D:1      | Found Ucopnunno's Antique Armour Boutique.
   319 | D:1      | Reached XP level 2. HP: 20/22 MP: 0/0
   804 | D:1      | Found a faded altar of an unknown god.
  1595 | D:2      | Reached XP level 3. HP: 24/26 MP: 0/0
  1595 | D:2      | Learned a level 1 spell: Animate Skeleton
  1962 | D:2      | Reached skill level 1 in Fighting
  1964 | D:2      | Reached skill level 1 in Armour
  2857 | D:3      | Reached XP level 4. HP: 29/32 MP: 0/0
  3219 | D:3      | Noticed Natasha
  3231 | D:3      | Killed Natasha
  3232 | D:3      | Reached XP level 5. HP: 4/38 MP: 0/0
  3232 | D:3      | Learned a level 2 spell: Call Imp
  3682 | D:3      | Noticed Natasha
  3822 | D:3      | Killed Natasha
  3897 | D:3      | Noticed Natasha
  3903 | D:3      | Killed Natasha
  3904 | D:3      | Reached XP level 6. HP: 16/43 MP: 0/0
  5073 | D:4      | Noticed a necrophage
  5083 | D:4      | Killed a necrophage
  5084 | D:4      | Reached XP level 7. HP: 39/49 MP: 0/0
  5084 | D:4      | Learned a level 3 spell: Swiftness
  5203 | D:4      | Found a burning altar of Makhleb.
  5738 | D:5      | Entered Level 5 of the Dungeon
  5928 | D:5      | Reached XP level 8. HP: 37/56 MP: 0/0
  6209 | D:5      | Reached skill level 5 in Spellcasting
  6289 | D:5      | Reached skill level 5 in Dodging
  7014 | D:5      | Found a broken altar of Ashenzari.
  7091 | D:5      | Identified the +6 mace "Muduteza" {holy, Str+4}
  7326 | D:6      | Found Hokhlamn's General Store.
  7356 | D:6      | Reached XP level 9. HP: 44/63 MP: 0/0
  7356 | D:6      | Learned a level 3 spell: Confusing Touch
  7550 | D:6      | Found a staircase to the Ecumenical Temple.
  7644 | D:6      | Found a bloodstained altar of Trog.
  7651 | Temple   | Entered the Ecumenical Temple
  8087 | D:6      | Found Anowk's Jewellery Emporium.
  8351 | D:6      | Reached skill level 5 in Fighting
  9188 | D:4      | Became a worshipper of Makhleb the Destroyer
  9487 | D:7      | Found a stormy altar of Qazlal.
  9510 | D:7      | Reached skill level 5 in Armour
  9761 | D:8      | Noticed Joseph
  9841 | D:8      | Noticed a white ugly thing
  9910 | D:8      | Noticed Grum
 10130 | D:8      | Killed Grum
 10131 | D:8      | Reached skill level 1 in Shields
 10133 | D:8      | Reached XP level 10. HP: 18/71 MP: 0/0
 10158 | D:7      | Annihilated by a white ugly thing

Illustrated notes

Levels and vault maps discovered:
D:1:      elethiomel_arrival_maze, layout_basic, basic_ecumenical_altar,
          serial_shops, shop_statue
D:2:      layout_basic
D:3:      wander_river, layout_loops_ring, uniq_natasha
D:4:      layout_cave_pools, marbit_many_paths
D:5:      layout_gridville, mainiacjoe_overflow_small_starburst, serial_glass,
          glass_columns_a, glass_columns_a, due_unseen_surprise,
          item_on_display_b, minmay_strange_pillars, feat_on_display,
          minmay_misc_feat_encased
D:6:      layout_loops_corners, mainiacjoe_overflow_catwalk,
          minmay_temple_entry_waves, serial_shops, shop,
          minmay_misc_feat_enclosed, nicolae_stop_n_shop_2, minmay_crystal_water
D:7:      layout_basic, mainiacjoe_overflow_six_doors_small
D:8:      layout_loops_ring, tso_oasis_becter, mainiacjoe_overflow_paths,
          enter_bailey_3, small_statue_intersection, uniq_grum, uniq_gastronok,
          uniq_maurice, uniq_joseph
Temple:   dpeg_chambers_temple

Skill      XL: |  1  2  3  4  5  6  7  8  9 |
---------------+----------------------------+-----
Fighting       | 1 2 3 4 5 |  5.6
Armour         | 1 2 3 4 5 |  5.5
Spellcasting   | 3 4 5 6 |  6.7
Dodging        | 3 4 5 6 |  6.7
Shields        | 1 |  1.3
Stealth        | |  1.5

Action                   |  1- 3 |  4- 6 |  7- 9 | 10-12 || total
-------------------------+-------+-------+-------+-------++-------
Melee: Spear             |    23 |    28 |    11 |       ||    62
       Punch             |       |     1 |       |       ||     1
       Mace              |       |       |     4 |       ||     4
 Cast: Foxfire           |    45 |    42 |    67 |       ||   154
       Scorch            |     3 |    38 |   106 |       ||   147
       Conjure Flame     |     1 |       |       |       ||     1
       Inner Flame       |       |       |     9 |       ||     9
  Use: Scroll            |     6 |     2 |     3 |       ||    11
 Stab: Sleeping          |     2 |       |       |       ||     2
Armor: Robe              |     7 |     3 |     6 |       ||    16
Dodge: Dodged            |    23 |    30 |    42 |     3 ||    98
Block: Other             |       |       |    22 |       ||    22
